 Dungeon Crawl Stone Soup version 0.27.1-1-g398f81649c (webtiles) character file.

Game seed: 12665984257396917378

30 nxtlvl the Ruffian (level 3, -1/28 HPs)
             Began as a Minotaur Transmuter on Sept 19, 2021.
             Slain by a jackal (2 damage)
             ... on level 4 of the Dungeon.
             The game lasted 00:04:06 (525 turns).

nxtlvl the Ruffian (Minotaur Transmuter)             Turns: 525, Time: 00:04:06

Health: -1/28      AC:  2    Str: 15    XL:     3   Next: 5%
Magic:  4/4        EV:  9    Int: 10    God:
Gold:   77         SH:  6    Dex: 10    Spells: 3/4 levels left

rFire    . . .     SeeInvis .     - Unarmed
rCold    . . .     Faith    .   d - +0 kite shield
rNeg     . . .     Spirit   .   a - +0 robe
rPois    .         Reflect  .   (helmet restricted)
rElec    .         Harm     .   (no cloak)
rCorr    .         Rampage  .   (no gloves)
Will     .....                  (no boots)
Stlth    +.........             (no amulet)
HPRegen  0.09/turn              (no ring)
MPRegen  0.09/turn              (no ring)

@: no status effects
A: horns 2, retaliatory headbutt
a: no special abilities


You were on level 4 of the Dungeon.
You visited 1 branch of the dungeon, and saw 4 of its levels.

You collected 77 gold pieces.

Inventory:

Missiles
 g - 20 arrows
Armour
 a - a +0 robe (worn)
 d - a +0 kite shield (worn)
Scrolls
 e - a scroll of acquirement {unknown}
 f - a scroll of teleportation {unknown}
 h - a scroll of identify {unknown}
 i - a scroll of fear {unknown}
 j - a scroll of silence {unknown}
Potions
 b - a potion of cancellation {unknown}
 c - 5 potions of curing {unknown}


   Skills:
 - Level 1.2 Fighting
 - Level 2.1 Dodging
 * Level 4.7 Unarmed Combat
 - Level 1.3 Spellcasting
 - Level 1.5 Transmutations


You had 3 spell levels left.
You knew the following spells:

 Your Spells              Type           Power      Damage    Failure   Level
a - Beastly Appendage     Tmut           6%         N/A       77%         1

Your spell library contained the following spells:

 Spells                   Type           Power      Damage    Failure   Level
 Wereblood                Tmut           3%         N/A       88%         2
 Spider Form              Tmut/Pois      1%         N/A       99%         3
 Ice Form                 Ice/Tmut       2%         N/A       100%        4


Dungeon Overview and Level Annotations

Branches:
Dungeon (4/15)
 Temple: D:4-7

Altars:

Shops:
D:2 [

Portals:
Ossuary: D:4

Annotations:
D:3 3 runed translucent doors, Gorgormcgor's ghost, amateur DjWz; scisormetimb3rs's ghost, amateur PaFi


Innate Abilities, Weirdness & Mutations

You have a pair of horns on your head.
You reflexively headbutt those who attack you in melee.


Message History

You block the goblin's attack.
You punch the goblin!
You kill the goblin!
Things that are here:
a +0 dagger; a goblin corpse
Found a scroll labelled SOAWKA DANACO.
Found a sand-covered staircase.
A quokka zombie comes into view.
A rat zombie comes into view.
You see here 11 gold pieces.
You now have 77 gold pieces (gained 11).
You closely miss the quokka zombie. You block the quokka zombie's attack.
You hit the quokka zombie but do no damage.
The quokka zombie bites you. You block the quokka zombie's attack.
You closely miss the quokka zombie. You headbutt the quokka zombie.
The quokka zombie is heavily damaged.
The quokka zombie bites you.
* * * LOW HITPOINT WARNING * * *
You closely miss the quokka zombie.
The quokka zombie is heavily damaged.
The quokka zombie bites you.
* * * LOW HITPOINT WARNING * * *
A jackal comes into view.
The jackal barks!
You hit the quokka zombie.
The quokka zombie is severely damaged.
The quokka zombie bites you.
* * * LOW HITPOINT WARNING * * *
You hit the quokka zombie.
The quokka zombie is almost destroyed.
The quokka zombie closely misses you.
You punch the quokka zombie!
You destroy the quokka zombie!
The jackal closely misses you. The jackal barely misses you.
You barely miss the jackal. Your headbutt misses the jackal.
A jackal comes into view.
You block the jackal's attack. The rat zombie bites you.
* * * LOW HITPOINT WARNING * * *
You barely miss the jackal. The jackal bites you.
* * * LOW HITPOINT WARNING * * *
You block the rat zombie's attack. The jackal bites you.
You die...

.#............
#............
##............
#?........##.#
#..........#.###
...........#..<###
#.........).....#
#....hh........##
#..###@###...###
#Z# #...# #.#
#...# ... #...#
.∩. #.#..
######.##.# .# ..


You could see a rat zombie and 2 jackals.

Vanquished Creatures
  2 dart slugs
  2 orcs (D:2)
  2 ball pythons
  3 bats
  An endoplasm (D:2)
  2 giant cockroaches
  A hobgoblin (D:1)
  A quokka (D:1)
  A frilled lizard (D:1)
  3 goblins
  A kobold (D:1)
  A quokka zombie (D:4)
  4 rats
24 creatures vanquished.

Vanquished Creatures (others)
  A plant (D:1)
  3 withered plants (D:3)
4 creatures vanquished.

Grand Total: 28 creatures vanquished

Notes
Turn   | Place    | Note
-------+----------+-------------------------------------------
     0 | D:1      | nxtlvl the Minotaur Transmuter began the quest for the Orb.
     0 | D:1      | Reached XP level 1. HP: 16/16 MP: 1/1
   103 | D:1      | Reached skill level 4 in Unarmed Combat
   103 | D:1      | Reached XP level 2. HP: 16/23 MP: 3/3
   168 | D:1      | Found a faded altar of an unknown god.
   285 | D:2      | Found Weblea Imum's Armour Shop.
   327 | D:3      | Found a runed translucent gate.
   327 | D:3      | Found a runed translucent gate.
   327 | D:3      | Found a runed translucent gate.
   328 | D:3      | Noticed scisormetimb3rs's ghost (amateur PaFi)
   329 | D:3      | Noticed Gorgormcgor's ghost (amateur DjWz)
   484 | D:3      | Reached XP level 3. HP: 8/28 MP: 4/4
   513 | D:4      | Found a sand-covered staircase.
   524 | D:4      | HP: 1/28 [rat zombie (1)]
   525 | D:4      | Slain by a jackal

Illustrated notes

Levels and vault maps discovered:
D:1:      matt_arrival_refuge, layout_basic, shapermc_ecumenical_altar_petra,
          serial_bayou, serial_bayou_pond_e, serial_bayou_pond_d,
          serial_bayou_pond_d, serial_bayou_pond_c
D:2:      layout_loops_ring, serial_shops, nicolae_shop_stone, basic_altar,
          serial_glass, glass_columns_c, glass_columns_a, glass_columns_c,
          glass_columns_a, glass_columns_a, chequers_mini_garden
D:3:      layout_basic, gammafunk_temple_overflow_wave, gammafunk_ghost_cemetery
D:4:      layout_cave_pools, minmay_overflow_temple_star_hex,
          nicolae_ru_the_path_less_chosen, minmay_temple_entry_ruins,
          enter_ossuary_4, serial_park, serial_park_square3
          [serial_park_minivault_5x5_2], serial_park_tiny_pond,
          serial_park_tiny_2, serial_park_square1 [serial_park_minivault_5x5_3]

Skill      XL: |  1 |
---------------+----+-----
Unarmed Combat | 4 |  4.7
Fighting       | |  1.2
Dodging        | |  2.1
Spellcasting   | |  1.3
Transmutations | |  1.5

Action                   || total
-------------------------++-------
Melee: Unarmed           ||    74
       Headbutt          ||     9
       Kick              ||     2
 Cast: Beastly Appendage ||     1
Armor: Robe              ||    12
Dodge: Dodged            ||    22
Block: Kite shield       ||    26
